 Dungeon Crawl Stone Soup version 0.24.0-123-gd5b16e6ec5 (webtiles) character file.

Game seed: 4392031004976449051, levelgen mode: deterministic

191 Notrik the Skirmisher (level 5, 0/52 HPs)
             Began as a Hill Orc Berserker on Feb 7, 2020.
             Was a Believer of Trog.
             Slain by Pikel
             ... wielding a +0 whip of electrocution
              (19 damage)
             ... on level 4 of the Dungeon.
             The game lasted 00:06:05 (2967 turns).

Notrik the Skirmisher (Hill Orc Berserker)          Turns: 2967, Time: 00:06:05

Health: 0/52       AC: 11    Str: 21    XL:     5   Next: 70%
Magic:  5/5        EV:  8    Int:  7    God:    Trog [**....]
Gold:   128        SH:  0    Dex: 13    Spells: 4/4 levels left

rFire    . . .     SeeInvis .   a - +0 hand axe
rCold    . . .     Gourm    .   (no shield)
rNeg     . . .     Faith    .   s - +0 chain mail
rPois    .         Spirit   .   (no helmet)
rElec    .         Reflect  .   (no cloak)
rCorr    .         Harm     .   q - +0 pair of gloves
MR       .....                  (no boots)
Stlth    ..........             l - amulet of the acrobat
HPRegen  0.17/turn              n - +3 ring of dexterity
MPRegen  0.09/turn              c - +2 ring of protection

@: starving
A: no striking features
a: Berserk, Trog's Hand, Renounce Religion


You were on level 4 of the Dungeon.
You worshipped Trog.
Trog was pleased with you.
You were starving.

You visited 1 branch of the dungeon, and saw 4 of its levels.

You collected 128 gold pieces.

Inventory:

Hand Weapons
 a - a +0 hand axe (weapon)
Armour
 q - a +0 pair of gloves (worn)
   (You found it on level 2 of the Dungeon)
 s - a +0 chain mail (worn)
   (You found it on level 2 of the Dungeon)
Jewellery
 c - a +2 ring of protection (right hand)
   (You found it on level 1 of the Dungeon)
 l - an amulet of the acrobat (around neck)
   (You found it on level 2 of the Dungeon)
 n - a +3 ring of dexterity (left hand)
   (You found it on level 2 of the Dungeon)
Scrolls
 d - 2 scrolls of teleportation {unknown}
 g - 2 scrolls of identify {@r1}
 h - a scroll of enchant armour {unknown}
 i - a scroll of amnesia {unknown}
 k - a scroll of fear {unknown}
 m - a scroll of remove curse {@r2}
 p - 2 scrolls of magic mapping {unknown}
Potions
 f - 2 potions of berserk rage {unknown}
 j - a potion of lignification {unknown}
 o - a potion of brilliance {unknown}
 r - a potion of mutation {unknown}
Comestibles
 e - 5 rations {!d}


   Skills:
 * Level 7.5 Fighting
 - Level 4.0 Axes
 - Level 2.1 Armour
 - Level 1.5 Dodging


You had 4 spell levels left.
You didn't know any spells.
Your spell library was empty.

Dungeon Overview and Level Annotations

Branches:
Dungeon (4/15)
 Temple: D:4-7

Altars:

Annotations:
D:4 Pikel


Message History

Pikel hits you with a +0 whip of electrocution.
* * * LOW HITPOINT WARNING * * *
You touch Pikel but do no damage.
Pikel hits you with a +0 whip of electrocution.
* * * LOW HITPOINT WARNING * * *
You touch Pikel.
Pikel closely misses you.
You touch Pikel.
Pikel barely misses you.
You barely miss Pikel. Pikel hits you but does no damage.
You touch Pikel but do no damage.
Pikel hits you but does no damage.
You touch Pikel but do no damage.
You recover from your berserk rage.
You closely miss Pikel.
Pikel says, "Slavery isn't that bad."
Pikel misses you.
Unknown command.
You touch Pikel but do no damage.
Pikel misses you.
You touch Pikel but do no damage.
Pikel closely misses you.
You barely miss Pikel.
Pikel hits you with a +0 whip of electrocution.
* * * LOW HITPOINT WARNING * * *
You are too injured to fight recklessly!
Unknown command.
You are too injured to fight recklessly!
You are too injured to fight recklessly!
You are too injured to fight recklessly!
You are too injured to fight recklessly!
You touch Pikel.
You blink.
Your transformation is almost over.
Pikel closely misses you.
Found a robe.
Your transformation has ended.
Your +0 hand axe unmelds from your body.
Your +0 pair of gloves unmelds from your body.
Your +0 chain mail unmelds from your body.
Your +3 ring of dexterity unmelds from your body.
Your +2 ring of protection unmelds from your body.
Your amulet of the acrobat unmelds from your body.
You feel agile.
Pikel says, "Why not give up?
You'll get fed.
Maybe."
You are too injured to fight recklessly!
You hit Pikel but do no damage. Pikel closely misses you.
You hit Pikel but do no damage. Pikel barely misses you.
You hit Pikel but do no damage. Pikel hits you but does no damage.
You closely miss Pikel. Pikel barely misses you.
You hit Pikel but do no damage. Pikel closely misses you.
You barely miss Pikel.
Pikel hits you with a +0 whip of electrocution.
* * * LOW HITPOINT WARNING * * *
You are electrocuted!!
You die...

.. ... #### ###
##.#################
+..@K...........#...
#..[......)..<..'†..
########+#####..###'
#########....#..####..##..
#.......#....#...#.....#..
#.......'....#...#.....#..
########'####..#....##'##'##.[#..
..)...##...##..#...........####..
.......'....#..#...........# #..


You could see Pikel.

Vanquished Creatures
  3 slaves (D:4)
  A scorpion (D:3)
  6 adders
  A shadow imp (D:3)
  An adder skeleton (D:4)
  2 worms
  2 dart slugs
  4 leopard geckos
  An orc (D:3)
  2 giant cockroaches
  8 goblins
  10 hobgoblins
  3 jackals (D:1)
  8 kobolds
  A quokka (D:3)
  5 bats
  2 frilled lizards
  6 rats
66 creatures vanquished.

Notes
Turn   | Place    | Note
-------+----------+-------------------------------------------
     0 | D:1      | Notrik the Hill Orc Berserker began the quest for the Orb.
     0 | D:1      | Reached XP level 1. HP: 19/19 MP: 1/1
    85 | D:1      | Reached skill level 4 in Fighting
    93 | D:1      | Reached XP level 2. HP: 27/27 MP: 2/2
   518 | D:1      | Reached skill level 5 in Fighting
   518 | D:1      | Reached XP level 3. HP: 34/36 MP: 3/3
   734 | D:2      | You fall into a shaft and drop 2 floors!
   822 | D:3      | Reached ** piety under Trog
  1397 | D:2      | Reached XP level 4. HP: 36/44 MP: 4/4
  1644 | D:2      | Reached skill level 6 in Fighting
  2447 | D:3      | Reached skill level 7 in Fighting
  2447 | D:3      | Reached XP level 5. HP: 46/52 MP: 5/5
  2880 | D:4      | Noticed a slave
  2880 | D:4      | Noticed a slave
  2880 | D:4      | Noticed a slave
  2881 | D:4      | Noticed Pikel
  2907 | D:4      | Killed a slave
  2916 | D:4      | Killed a slave
  2919 | D:4      | Killed a slave
  2967 | D:4      | Slain by Pikel

Levels and vault maps discovered:
D:1:      psy_arrival_statuary, layout_rooms
D:2:      layout_basic, minmay_tetromino_s4
D:3:      layout_loops_corners, first_ration, minmay_misc_feat_enclosed,
          chequers_serial_rivers_micro_b
D:4:      layout_gridville, uniq_duvessa, uniq_pikel

Skill      XL: |  1  2  3  4 |
---------------+-------------+-----
Fighting       | 4 5 7 |  7.5
Axes           | |  4.0
Armour         | |  2.1
Dodging        | |  1.5

Action                   |  1- 3 |  4- 6 || total
-------------------------+-------+-------++-------
Melee: Hand axe          |   124 |   147 ||   271
       Unarmed           |       |    18 ||    18
Invok: Berserk           |       |     1 ||     1
       Trog's Hand       |       |     1 ||     1
  Use: Scroll            |       |     4 ||     4
  Eat: Chunk             |     2 |     4 ||     6
Armor: Ring mail         |    37 |     6 ||    43
       Chain mail        |       |    73 ||    73
       Skin              |       |     2 ||     2
Dodge: Dodged            |    65 |    89 ||   154
